 Dungeon Crawl Stone Soup version 0.21.1-1-g345015f (webtiles) character file.

39 kae the Insei (level 3, 0/26 HPs)
             Began as a Demonspawn Transmuter on May 22, 2018.
             Slain by a hound (4 damage)
             ... on level 2 of the Dungeon.
             The game lasted 00:01:37 (2275 turns).

kae the Insei (Demonspawn Transmuter)               Turns: 2275, Time: 00:01:38

Health: 0/26       AC:  2    Str: 10    XL:     3   Next: 28%
Magic:  5/6        EV: 12    Int: 14    God:
Gold:   119        SH:  0    Dex: 14    Spells: 5/6 levels left

rFire    . . .     SeeInvis .     - Unarmed
rCold    + . .     Gourm    .   (no shield)
rNeg     . . .     Faith    .   b - +0 robe
rPois    .         Spirit   .   (no helmet)
rElec    .         Reflect  .   (no cloak)
rCorr    .         Harm     .   (no gloves)
MR       .....                  (boots currently unavailable)
Stlth    +.........             (no amulet)
HPRegen  0.08/turn              (no ring)
MPRegen  0.10/turn              (no ring)

@: appendage
A: talons 3, cold resistance 1, freezing cloud immunity
a: End Transformation


You were on level 2 of the Dungeon.
You were hungry.
You had grown temporary talons.
You visited 1 branch of the dungeon, and saw 2 of its levels.

You collected 119 gold pieces.

Inventory:

Missiles
 a - 25 arrows
Armour
 b - a +0 robe (worn)
Jewellery
 e - an uncursed amulet of guardian spirit {unknown}
 l - a +4 ring of strength {unknown}
 q - an uncursed ring of protection from cold {unknown}
Scrolls
 h - a scroll of fear {unknown}
 k - 2 scrolls of enchant weapon {unknown}
 p - a scroll of fog
 r - a scroll of identify
 s - a scroll of teleportation {unknown}
Potions
 f - a potion of degeneration
 g - a potion of cancellation {unknown}
 i - 3 potions of curing {unknown}
 j - a potion of lignification {unknown}
 m - a potion of magic {unknown}
 n - 3 potions of agility {unknown}
 o - a potion of flight {unknown}
Books
 c - a book of Changes

   Spells                             Type                      Level
   a - Beastly Appendage              Transmutation                1
   b - Sticks to Snakes               Transmutation                2
   c - Spider Form                    Transmutation/Poison         3
   d - Ice Form                       Ice/Transmutation            4
   e - Blade Hands                    Transmutation                5
Comestibles
 d - 6 rations


   Skills:
 + Level 1.5 Fighting
 - Level 1.7 Dodging
 * Level 3.1 Unarmed Combat
 + Level 2.2 Spellcasting
 * Level 2.4 Transmutations


You had 5 spell levels left.
You knew the following spells:

 Your Spells              Type           Power        Failure   Level  Hunger
a - Beastly Appendage     Tmut           #.....       9%          1    #......


Dungeon Overview and Level Annotations

Branches:
Dungeon (2/15)

Altars:
Makhleb
Nemelex Xobeh


Innate Abilities, Weirdness & Mutations

Your flesh is cold resistant. (rC+)
You are immune to freezing clouds.
You have claws for feet.


Message History

You are too injured to fight recklessly!
You are too injured to fight recklessly!
You are too injured to fight recklessly!
Casting: Beastly Appendage
Confirm with . or Enter, or press ? or * to list all spells.
Your feet morph into talons.
You are feeling hungry.
The hound misses you. The hound completely misses you. The hound bites you.
You closely miss the hound.
The hound is moderately wounded.
The hound completely misses you. The hound bites you.
You hit the hound.
The hound is heavily wounded.
The hound bites you.
* * * LOW HITPOINT WARNING * * *
You hit the hound. Your kick misses the hound.
The hound is severely wounded.
The hound bites you.
You die...

#####.##.##.##.#....
#...#.##.##.##..#
##....##......... ##
##########.##..#
##∩## ##......##...
#._.## #....####...#
#..†.###....###.....
#.h.##...####......
#@###..## #.......
#..#..## +.......
##...## #.......
##.## ##...... #####
##..... ##.## ##...#
###...# ##'##
#.....# #.# #.#...#
#.#


You could see a hound.

Vanquished Creatures
  An ooze (D:2)
  A dart slug (D:1)
  A leopard gecko (D:1)
  6 hobgoblins
  7 kobolds
  6 bats
  3 frilled lizards (D:1)
  4 goblins (D:1)
  4 rats (D:1)
33 creatures vanquished.

Notes
Turn   | Place    | Note
-------+----------+-------------------------------------------
     0 | D:1      | kae the Demonspawn Transmuter began the quest for the Orb.
     0 | D:1      | Reached XP level 1. HP: 15/15 MP: 3/3
    10 | D:1      | Noticed a black bear
    10 | D:1      | Noticed a hog
    10 | D:1      | Noticed an anaconda
    10 | D:1      | Noticed a wyvern
   281 | D:1      | Gained mutation: Your flesh is cold resistant. (rC+) [demonic ancestry]
   281 | D:1      | Reached XP level 2. HP: 6/21 MP: 5/5
   695 | D:1      | Reached skill level 3 in Unarmed Combat
  1338 | D:1      | Gained mutation: You are immune to freezing clouds. [demonic ancestry]
  1338 | D:1      | Reached XP level 3. HP: 26/26 MP: 6/6
  1710 | D:2      | Found a sparkling altar of Nemelex Xobeh.
  2264 | D:2      | Found a burning altar of Makhleb.
  2275 | D:2      | Slain by a hound

Skill      XL: |  1  2 |
---------------+-------+-----
Transmutations | 2 |  2.4
Unarmed Combat | 3 |  3.1
Fighting       | |  1.5
Dodging        | |  1.7
Spellcasting   | |  2.2

Action                   || total
-------------------------++-------
Melee: Unarmed           ||   112
       Headbutt          ||     7
       Kick              ||     1
 Cast: Beastly Appendage ||    14
  Use: Scroll            ||     5
 Stab: Sleeping          ||     2
  Eat: Chunk             ||     4
Armor: Robe              ||    13
Dodge: Dodged            ||    71
